 Dungeon Crawl Stone Soup version 0.28-a0-1387-g3a22ab9bdc (webtiles) character file.

Game seed: 14393467145769150150

17416 bande the Cleaver (level 12, 0/109 HPs)
             Began as a Gargoyle Fighter on Jan 3, 2022.
             Was a High Priest of Okawaru.
             Slain by a death yak (8 damage)
             ... on level 2 of the Lair of Beasts.
             The game lasted 00:36:17 (15215 turns).

bande the Cleaver (Gargoyle Fighter)               Turns: 15215, Time: 00:36:17

Health: 0/109      AC: 36    Str: 22    XL:     12   Next: 47%
Magic:  17/17      EV:  8    Int: 20    God:    Okawaru [*****.]
Gold:   1491       SH:  6    Dex: 13    Spells: 11/11 levels left

rFire   . . .      SeeInvis .   s - +1 war axe (freeze)
rCold   + + .      Faith    .   c - +0 buckler
rNeg    + . .      Spirit   .   B - +3 chain mail
rPois   ∞          Reflect  .   f - +2 helmet of Ufisiuwa {+Blink}
rElec   +          Harm     .   q - +2 cloak of Beogh's Benevolence {rC++ Int+4}
rCorr   +          Rampage  +   e - +1 pair of gloves
Will    .....                   i - +2 pair of boots {rampage}
Stlth   ..........              D - amulet of regeneration
HPRegen 1.08/turn               h - +6 ring of intelligence
MPRegen 0.15/turn               E - ring "Kizohixo" {rCorr Str+2}

@: berserking, very quick
A: sickness immunity, AC +8, negative energy resistance 1, electricity
resistance, torment resistance 1, petrification resistance
a: Renounce Religion, Evoke Blink, Heroism, Finesse, Duel


You were on level 2 of the Lair of Beasts.
You worshipped Okawaru.
Okawaru was extremely pleased with you.
You visited 3 branches of the dungeon, and saw 12 of its levels.
You also visited: Sewer.

You collected 1491 gold pieces.

Inventory:

Hand Weapons
 a - a +0 war axe
 p - a +0 great sword of flaming
 s - a +1 war axe of freezing (weapon)
 A - a +1 broad axe
Armour
 c - a +0 buckler (worn)
 e - a +1 pair of gloves (worn)
 f - the +2 helmet of Ufisiuwa (worn) {+Blink}
   (You took it off Robin on level 2 of the Dungeon)

   +Blink:    It lets you blink.
 i - a +2 pair of boots of rampaging (worn)
 q - the +2 cloak of Beogh's Benevolence (worn) {rC++ Int+4}
   (You found it on level 3 of the Dungeon)

   Int:       It affects your intelligence (+4).
   rC:        It greatly protects you from cold.
 r - a +2 cloak
 B - a +3 chain mail (worn)
 M - a +2 scale mail of cold resistance
Jewellery
 h - a +6 ring of intelligence (left hand)
 n - a ring of flight
 v - an amulet of magic regeneration
 D - an amulet of regeneration (around neck)
 E - the ring "Kizohixo" (right hand) {rCorr Str+2}
   (You found it on level 8 of the Dungeon)

   [ring of resist corrosion]

   Str:       It affects your strength (+2).
   rCorr:     It protects you from acid and corrosion.
 J - a ring of positive energy
Wands
 j - a wand of iceblast (10)
 y - a wand of flame (4)
 G - a wand of acid (6)
 H - a wand of polymorph (4)
Scrolls
 k - 3 scrolls of teleportation
 m - 3 scrolls of blinking
 o - a scroll of amnesia
 u - a scroll of fog
 w - 2 scrolls of fear
 x - 5 scrolls of enchant weapon
 C - 2 scrolls of enchant armour
 F - 2 scrolls of identify
 I - a scroll of holy word
Potions
 b - 4 potions of flight
 d - 2 potions of might
 l - a potion of berserk rage
 t - 3 potions of haste
 L - a potion of mutation {unknown}
Miscellaneous
 g - a condenser vane
 z - a lightning rod (4/4)


   Skills:
 - Level 8.1 Fighting
 - Level 1.2 Long Blades
 + Level 10.6 Axes
 + Level 10.4 Armour
 + Level 7.3 Shields
 * Level 7.8 Invocations
 * Level 7.4 Evocations


You had 11 spell levels left.
You didn't know any spells.
Your spell library contained the following spells:

 Spells                   Type           Power      Damage    Failure   Level
 Pain                     Necr           0%         1d4       75%         1
 Corpse Rot               Necr/Air       0%         N/A       86%         2
 Passwall                 Tmut/Erth      0%         N/A       86%         2
 Poisonous Vapours        Pois/Air       0%         N/A       86%         2
 Swiftness                Air            0%         N/A       98%         3
 Vampiric Draining        Necr           0%         2d6       98%         3
 Dispel Undead            Necr           0%         3d6       100%        4
 Agony                    Necr           0%         N/A       100%        5
 Excruciating Wounds      Necr           0%         N/A       100%        5
 Animate Skeleton         Necr           Unusable   N/A       N/A         1
 Death Channel            Necr           Unusable   N/A       N/A         6

Dungeon Overview and Level Annotations

Branches:
Dungeon (8/15)             Temple (1/1) D:7            Lair (3/6) D:8
 Spider (0/4) Lair:3        Sewer (visited)
  Swamp: Lair:2-4    Shoals: Lair:2-4     Snake: Lair:2-4

Altars:
Ashenzari
Cheibriados
Dithmenos
Elyvilon
Fedhas
Gozag
Hepliaklqana
Kikubaaqudgha
Makhleb
Nemelex Xobeh
Okawaru
Qazlal
Ru
Sif Muna
Uskayaw
Vehumet
Wu Jian
Xom
Yredelemnul
Zin
The Shining One

Shops:
D:4 =


Innate Abilities, Weirdness & Mutations

You are immune to sickness and miasma.
Your stone body is resilient. (AC +8)
You are immune to poison.
You resist negative energy. (rN+)
You are resistant to electric shocks. (rElec)
You are resistant to unholy torment.
You are immune to petrification.


Message History

You hit the death yak but do no damage. The death yak gores you!
The death yak gores you but does no damage.
You hit the death yak but do no damage.
The death yak is heavily wounded.
You hit the death yak but do no damage.
The death yak gores you but does no damage.
The death yak gores you!
You hit the death yak. You freeze the death yak.
The death yak is severely wounded.
You hit the death yak but do no damage.
The death yak gores you but does no damage.
The death yak gores you!
Unknown command.
You slash the death yak! You freeze the death yak.
The death yak is severely wounded.
You barely miss the death yak. The death yak completely misses you.
The death yak closely misses you.
You hit the death yak but do no damage.
The death yak is severely wounded.
You hit the death yak. You freeze the death yak. The death yak gores you!!
* * * LOW HITPOINT WARNING * * *
You block the death yak's attack.
Unknown command.
You feel better. The death yak gores you!
* * * LOW HITPOINT WARNING * * *
The death yak gores you but does no damage.
A red film seems to cover your vision as you go berserk!
You feel yourself moving faster!
You feel mighty! You block the death yak's attack. x2
You slice the death yak!! You freeze the death yak.
You kill the death yak!
Okawaru is honoured by your kill.
You slash the death yak! You freeze the death yak. The death yak gores you.
* * * LOW HITPOINT WARNING * * *
Unknown command.
Unknown command.
You feel a strong urge to attack something.
You block the death yak's attack. The death yak gores you!
You die...

##...##.#.#.##....÷........
#....###.#...÷...####.##...
#....##.....#.....###.###..
##...........##...P#.....#..
#.#...#.......#.........##..
##....#......##....##.#..#..
#......#}#...#...P#.##.P...
#.....#......#............#
##........@Y...............
##........>................
#..........................
##........................#
#.............(...#..##...#
##..............###.....(##
#.#..##.###.......#..##.#.
##.#........P..(.+.........
#................#...8...+.


You could see a death yak.

Vanquished Creatures
  3 hydras
  A two-headed ogre (D:5)
  A death yak (Lair:2)
  An elephant (Lair:2)
  3 black mambas
  5 cane toads
  Joseph (D:8)
  3 rime drakes
  3 komodo dragons
  A polar bear (Lair:2)
  6 blink frogs (Lair:1)
  2 wyverns
  A shadow (D:7)
  A wraith (D:5)
  A basilisk (Lair:2)
  22 yaks
  Menkaure (D:5)
  12 water moccasins
  A sky beast (D:6)
  2 orc warriors (D:8)
  A necrophage (D:5)
  3 ogres
  A hornet zombie (D:8)
  3 centaurs
  2 phantoms
  A kobold brigand (D:6)
  12 bullfrogs
  3 scorpions
  4 wights (D:8)
  2 electric eels (Lair:2)
  A howler monkey (D:5)
  2 bullfrog zombies
  3 centaur zombies
  2 jellies
  A hound (D:6)
  Crazy Yiuf (D:3)
  2 bullfrog skeletons
  A gnoll shaman (D:8)
  5 orc priests
  A centaur skeleton (D:7)
  An iguana (D:6)
  6 orc wizards
  A killer bee zombie (D:8)
  2 hound skeletons (D:4)
  Robin (D:2)
  A howler monkey skeleton (D:7)
  8 adders
  8 gnolls
  A white imp (D:7)
  An ufetubus (D:4)
  A dart slug (D:1)
  A worm (D:3)
  21 orcs
  11 ball pythons
  A bat (D:3)
  7 endoplasms
  8 giant cockroaches
  7 hobgoblins
  16 kobolds
  8 quokkas
  15 frilled lizards
  10 goblins
  4 rats
262 creatures vanquished.

Vanquished Creatures (others)
  An ufetubus (D:7)
  7 fungi
  19 plants
27 creatures vanquished.

Grand Total: 289 creatures vanquished

Notes
Turn   | Place    | Note
-------+----------+-------------------------------------------
     0 | D:1      | bande the Gargoyle Fighter began the quest for the Orb.
     0 | D:1      | Reached XP level 1. HP: 14/14 MP: 1/1
    69 | D:1      | Reached XP level 2. HP: 17/19 MP: 2/2
   228 | D:1      | Reached XP level 3. HP: 23/23 MP: 3/3
   500 | D:1      | Found a faded altar of an unknown god.
   802 | D:2      | Identified a scroll of acquirement
   802 | D:2      | Acquired 855 gold pieces
   832 | D:2      | Identified the +2 helmet of Ufisiuwa {+Blink}
   832 | D:2      | Noticed Robin
   850 | D:2      | HP: 1/23 [Robin (1)]
   853 | D:2      | Killed Robin
  1681 | D:2      | Reached XP level 4. HP: 26/28 MP: 4/4
  2008 | D:3      | Found a broken altar of Ashenzari.
  2322 | D:3      | Found a runed translucent door.
  2323 | D:3      | Noticed Crazy Yiuf
  2468 | D:3      | Found a glowing drain.
  2488 | Sewer    | Entered a sewer
  2716 | Sewer    | Reached XP level 5. HP: 33/33 MP: 5/5
  2805 | Sewer    | Reached skill level 1 in Evocations
  2808 | Sewer    | Reached XP level 6. HP: 28/38 MP: 6/6
  3285 | D:3      | Identified the +2 cloak of Beogh's Benevolence {rC++ Int+4}
  3488 | D:3      | Killed Crazy Yiuf
  3606 | D:4      | Found Zizel's Jewellery Boutique.
  3657 | D:4      | Reached XP level 7. HP: 5/43 MP: 7/7
  4253 | D:4      | HP: 2/43 [ogre (22)]
  4263 | D:4      | Reached skill level 5 in Armour
  5300 | D:5      | Entered Level 5 of the Dungeon
  5705 | D:5      | Reached skill level 5 in Axes
  5849 | D:5      | Noticed a wraith
  5863 | D:5      | Killed a wraith
  5864 | D:5      | Reached XP level 8. HP: 27/48 MP: 8/8
  6242 | D:5      | Noticed Menkaure
  6251 | D:5      | Killed Menkaure
  6441 | D:5      | Reached skill level 5 in Fighting
  6561 | D:6      | Found a hide-covered altar of Uskayaw.
  6566 | D:6      | Found a blossoming altar of Fedhas.
  6566 | D:6      | Found an opulent altar of Gozag.
  6567 | D:6      | Found an iron altar of Okawaru.
  6574 | D:6      | Became a worshipper of Warmaster Okawaru
  6579 | D:6      | Found a radiant altar of Vehumet.
  6595 | D:6      | Reached skill level 5 in Shields
  6947 | D:6      | Reached skill level 1 in Invocations
  7026 | D:6      | Noticed a two-headed ogre
  7121 | D:5      | Reached XP level 9. HP: 51/54 MP: 8/10
  7257 | D:5      | Killed a two-headed ogre
  7257 | D:5      | Reached * piety under Okawaru
  7908 | D:6      | Reached ** piety under Okawaru
  7931 | D:6      | Reached XP level 10. HP: 14/60 MP: 12/12
  8630 | D:6      | Reached skill level 5 in Evocations
  9114 | D:7      | Reached *** piety under Okawaru
  9893 | D:7      | Found a staircase to the Ecumenical Temple.
 10115 | Temple   | Entered the Ecumenical Temple
 10306 | D:8      | Identified the ring "Kizohixo" {rCorr Str+2}
 10450 | D:8      | Noticed Joseph
 10470 | D:8      | Killed Joseph
 10642 | D:8      | Found a staircase to the Lair.
 11157 | Lair:1   | Entered Level 1 of the Lair of Beasts
 11163 | Lair:1   | Reached **** piety under Okawaru
 11164 | Lair:1   | Reached skill level 5 in Invocations
 11499 | Lair:1   | Reached XP level 11. HP: 64/66 MP: 13/15
 11934 | Lair:1   | Noticed a six-headed hydra
 11961 | Lair:1   | Killed a one-headed hydra
 11995 | Lair:1   | Reached ***** piety under Okawaru
 12006 | Lair:1   | Reached skill level 1 in Long Blades
 12339 | Lair:1   | Identified the +7 longbow of the Middle {flame, rPois}
                  | (Okawaru gifted it to you on level 1 of the Lair of Beasts)
 12339 | Lair:1   | Received a gift from Okawaru
 13729 | Lair:2   | Reached skill level 10 in Axes
 13744 | Lair:2   | Reached XP level 12. HP: 73/73 MP: 17/17
 13787 | Lair:2   | Noticed a four-headed hydra
 13798 | Lair:2   | Killed a one-headed hydra
 13870 | Lair:2   | Reached skill level 10 in Armour
 14791 | Lair:3   | Noticed a seven-headed hydra
 14809 | Lair:3   | Killed a one-headed hydra
 15047 | Lair:3   | Found a hole to the Spider Nest.
 15082 | Lair:2   | Received a gift from Okawaru
 15193 | Lair:3   | Noticed a death yak
 15193 | Lair:3   | Noticed a death yak
 15193 | Lair:3   | Noticed a death yak
 15193 | Lair:3   | Noticed a death yak
 15193 | Lair:3   | Noticed a death yak
 15212 | Lair:2   | Killed a death yak
 15215 | Lair:2   | Slain by a death yak

Illustrated notes

Levels and vault maps discovered:
D:1:      dpeg_arrival_refuge, layout_basic, ebering_ecumenical_altar_hall
D:2:      wander_river, layout_basic, serial_co_window_serial,
          co_window_of_opportunity_a, co_window_corner_a, co_window_paths_b,
          co_window_corner_a, co_window_corner_a, co_window_cross_3,
          co_window_broadway_c, co_window_corner_b, co_window_broadway_b,
          co_window_2corner, co_window_of_opportunity_c, uniq_robin
D:3:      minmay_spotlight, layout_basic, cheibrodos_ashenzari_chains,
          portal_sewer_entry_f, uniq_crazy_yiuf_cottage
D:4:      layout_basic, serial_shops, shop_fountains
D:5:      layout_loops_ring, minmay_misc_feat_five, uniq_menkaure
D:6:      layout_basic, minitemple, minmay_bent
D:7:      layout_basic, lemuel_temple_firewalk_a
D:8:      layout_gridville, grunt_lair_entry_orc_guard_hut, uniq_joseph
Temple:   eino_wide_crystal_templ
Lair:1:   layout_cave_pods, minmay_shattered_shrine
Lair:2:   layout_regular_city, grunt_megastairs_1, serial_bayou_shore_a
Lair:3:   layout_regular_city, elwin_shoals_entry_rooms,
          spider_nest_entry_web_field, infiniplex_staircase_pool,
          lemuel_fruit_fields

Skill      XL: |  1  2  3  4  5  6  7  8  9 10 11 12 |
---------------+-------------------------------------+-----
Axes           | 2 3 4 5 6 7 8 10 | 10.6
Armour         | 4 5 6 7 8 9 10 | 10.4
Evocations     | 1 2 3 4 5 6 7 |  7.4
Fighting       | 4 5 6 7 8 |  8.1
Shields        | 4 5 6 7 |  7.3
Invocations    | 1 3 5 7 |  7.8
Long Blades    | 1 |  1.2

Action                   |  1- 3 |  4- 6 |  7- 9 | 10-12 || total
-------------------------+-------+-------+-------+-------++-------
Melee: War axe           |   110 |       |       |   445 ||   555
       Hand axe          |       |   172 |   303 |   182 ||   657
       Great sword       |       |       |       |    23 ||    23
       Punch             |       |       |       |     1 ||     1
Invok: Heroism           |       |       |       |     1 ||     1
  Use: Scroll            |     4 |     4 |     4 |     8 ||    20
       Potion            |     1 |       |     5 |     5 ||    11
Armor: Scale mail        |    82 |   100 |    43 |       ||   225
       Chain mail        |       |       |   156 |   521 ||   677
Dodge: Dodged            |    47 |    65 |    88 |   225 ||   425
Block: Buckler           |    25 |    32 |    71 |   149 ||   277

Table legend: (Time is in decaauts)
 A = Elapsed time spent in this place.
 B = Non-inter-level travel time spent in this place.
 C = Inter-level travel time spent in this place.
 D = Time resting spent in this place.
 E = Time spent auto-exploring this place.
 F = Levels seen in this place.
 G = Mean time per level.
                   A        B        C        D        E       F      G
               +--------+--------+--------+--------+--------+-----+--------+
         Total |  15449 |  15129 |    320 |   4869 |   6993 |  13 | 1188.4 |
       Dungeon |  10787 |  10506 |    281 |   3294 |   5210 |   8 | 1348.4 |
        Temple |     54 |     42 |     12 |      0 |     29 |   1 |   54.0 |
          Lair |   3822 |   3795 |     27 |   1554 |   1379 |   3 | 1274.0 |
         Sewer |    785 |    785 |      0 |     21 |    374 |   1 |  785.0 |
               +--------+--------+--------+--------+--------+-----+--------+

Top non-repeatable levels by time:
     D:6: 2205 daAuts
  Lair:1: 2042 daAuts
     D:4: 1809 daAuts
  Lair:2: 1403 daAuts
     D:5: 1400 daAuts
     D:7: 1214 daAuts
     D:2: 1185 daAuts
     D:8: 1177 daAuts
     D:3: 962 daAuts
     D:1: 832 daAuts
   Sewer: 785 daAuts
  Lair:3: 376 daAuts
  Temple: 54 daAuts
